 Dungeon Crawl Stone Soup version 0.25-a0-50-gf0389da217 (webtiles) character file.

Game seed: 15148614605503726372, levelgen mode: deterministic

644 Arixos the Purveyor of Pain (level 7, -16/45 HPs)
             Began as an Octopode Necromancer on Oct 24, 2019.
             Was an Initiate of Kikubaaqudgha.
             Killed from afar by Dowan (23 damage)
             ... with a shard of ice
             ... on level 5 of the Dungeon.
             The game lasted 00:27:36 (6234 turns).

Arixos the Purveyor of Pain (Octopode Necromancer)  Turns: 6234, Time: 00:27:36

Health: -16/45     AC:  1    Str:  5    XL:     7   Next: 52%
Magic:  6/13       EV: 14    Int: 19    God:    Kikubaaqudgha [......]
Gold:   261        SH:  0    Dex: 12    Spells: 3/14 levels left

rFire    . . .     SeeInvis .   (no weapon)
rCold    . . .     Gourm    .   (no shield)
rNeg     . . .     Faith    .   (helmet restricted)
rPois    .         Spirit   .   (no amulet)
rElec    .         Reflect  .   o - -3 ring of strength (curse)
rCorr    .         Harm     .   (no ring)
MR       .....                  (no ring)
Stlth    +++.......             (no ring)
HPRegen  0.15/turn              (no ring)
MPRegen  0.13/turn              (no ring)
                                (no ring)
                                (no ring)

@: very slightly contaminated
A: almost no armour, stealthy swim, amphibious, 8 rings, constrict 8, camouflage
1, gelatinous body 1
a: Renounce Religion


You were on level 5 of the Dungeon.
You worshipped Kikubaaqudgha.
Kikubaaqudgha was noncommittal.
You were hungry.

You visited 2 branches of the dungeon, and saw 7 of its levels.

You collected 261 gold pieces.

Inventory:

Jewellery
 o - a cursed -3 ring of strength (left tentacle)
Wands
 r - a wand of iceblast (6)
Scrolls
 a - 2 scrolls of fog {unknown}
 f - a scroll of fear {unknown}
 i - 3 scrolls of teleportation {unknown}
 k - 2 scrolls of remove curse {unknown}
 l - 9 scrolls of identify {unknown}
 m - a scroll of immolation {unknown}
 n - 2 scrolls of amnesia {unknown}
 p - a scroll of random uselessness {unknown}
Potions
 c - a potion of cancellation {unknown}
 d - a potion of might {unknown}
 e - a potion of flight {unknown}
 g - a potion of curing {unknown}
 h - 3 potions of mutation {unknown}
 j - 4 potions of brilliance {unknown}
 q - 2 potions of lignification {unknown}
 t - a potion of ambrosia {unknown}
 u - a potion of haste {unknown}
Comestibles
 b - 17 rations


   Skills:
 + Level 2.5 Fighting
 + Level 3.3 Dodging
 - Level 2.6 Stealth
 * Level 4.2 Spellcasting
 + Level 1.2 Conjurations
 * Level 2.0 Hexes
 * Level 3.2 Charms
 + Level 4.8 Necromancy


You had 3 spell levels left.
You knew the following spells:

 Your Spells              Type           Power        Failure   Level  Hunger
a - Pain                  Necr           ###.         1%          1    None
d - Vampiric Draining     Necr           ###.......   5%          3    ###....
f - Fulminant Prism       Conj/Hex       ##........   56%         4    ####...
r - Regeneration          Chrm/Necr      ###.......   8%          3    ###....

Your spell library contained the following spells:

 Spells                   Type           Power        Failure   Level  Hunger
 Animate Skeleton         Necr           N/A          1%          1    None
 Corona                   Hex            ##.....      6%          1    None
 Magic Dart               Conj           #...         8%          1    None
 Searing Ray              Conj           #.....       12%         2    ##.....
 Ensorcelled Hibernation  Hex/Ice        #.....       14%         2    ##.....
 Confuse                  Hex            ##......     17%         3    ###....
 Tukima's Dance           Hex            ##......     17%         3    ###....
 Dazzling Spray           Conj/Hex       ##....       21%         3    ###....
 Animate Dead             Necr           N/A          19%         4    ####...
 Iskenderun's Mystic Bla  Conj           #.......     61%         4    ####...
 Force Lance              Conj/Tloc      #.......     71%         4    ####...


Dungeon Overview and Level Annotations

Branches:
Dungeon (6/15)             Temple (1/1) D:5

Altars:
Ashenzari
Cheibriados
Elyvilon
Fedhas
Gozag
Hepliaklqana
Kikubaaqudgha
Makhleb
Nemelex Xobeh
Okawaru
Ru
Sif Muna
Trog
Uskayaw
Vehumet
Xom
Yredelemnul
Zin

Annotations:
D:3 Sigmund
D:5 Dowan


Innate Abilities, Weirdness & Mutations

You cannot wear most types of armour.
You are very stealthy in the water. (Stealth+)
You are amphibious.
You can wear up to eight rings at the same time.
You can use your tentacles to constrict eight enemies at once.
Your skin changes colour to match your surroundings (Stealth+).
Your rubbery body absorbs attacks. (AC +1, EV +1)


Message History

Confirm with . or Enter, or press ? or * to list all spells.
Aiming: Pain (safe; 1% risk of failure)
Press: ? - help, Shift-Dir - straight line, f/p - ogre
Aim: an ogre, wielding a +0 giant club (moderately wounded, chance to defeat MR: 81%)
The ogre writhes in agony.
The ogre hits you with a +0 giant club!!
There is a stone staircase leading up here.
The ogre closely misses you.
You climb upwards.
Level annotation: Dowan
There is a stone staircase leading down here.
The ogre hits you with a +0 giant club!
* * * LOW HITPOINT WARNING * * *
All of the chunks of flesh in your inventory have rotted away.
Dowan shouts!
Dowan gestures at you while chanting. The shard of ice hits you!!
Ouch! That really hurt!
You die...
Kikubaaqudgha rasps: "You have failed me!
Welcome... death!"

#...#).......................
#####.#.#.#######..##############
((.................# #....
..(.#.#.#.###..###.# #.###
###(..#.#...#..# #.# ########.#..
......#.###.#..# #.# #........#.#
....[(......#..# #.###.8.8.8..#.#
....#.#.......O###.##.........#.#
...........e..>.@..##...........#
.#..###..#..#########.#......####
.#..#.................#_)..)....#
.#..#.#..#..#########.#...)...#.#
.#....#..#..#####.# #........##.#
.#....#..#......#.###.........#.#
.#..........e...#...'..8.8.8....#
.#....#..#.#....#.###........##.#
.#....#..#.#....#.# #........####


You could see an ogre and Dowan.

Vanquished Creatures
  Duvessa (D:5)
  An ogre (D:5)
  A centaur (D:5)
  A scorpion (D:5)
  A crimson imp (D:5)
  3 orc wizards
  A worker ant (D:4)
  An iguana (D:4)
  5 adders
  4 worms
  5 dart slugs
  2 leopard geckos
  10 orcs
  9 giant cockroaches
  6 goblins
  7 hobgoblins
  2 jackals (D:2)
  3 quokkas
  7 bats
  4 frilled lizards (D:1)
  8 kobolds
  3 rats
  2 plants (D:1)
87 creatures vanquished.

Notes
Turn   | Place    | Note
-------+----------+-------------------------------------------
     0 | D:1      | Arixos the Octopode Necromancer began the quest for the
                  | Orb.
     0 | D:1      | Reached XP level 1. HP: 11/11 MP: 3/3
   248 | D:1      | Reached XP level 2. HP: 18/18 MP: 1/5
   606 | D:1      | Reached XP level 3. HP: 18/22 MP: 2/6
   648 | D:1      | Learned a level 3 spell: Regeneration
   676 | D:1      | Reached skill level 1 in Fighting
   936 | D:2      | Learned a level 3 spell: Vampiric Draining
  1204 | D:2      | Found an opulent altar of Gozag.
  1262 | D:2      | Reached XP level 4. HP: 18/28 MP: 1/8
  1796 | D:2      | Reached skill level 1 in Charms
  2211 | D:3      | Noticed Sigmund
  2357 | D:3      | Found an iron altar of Okawaru.
  2500 | D:3      | Found a sacrificial altar of Ru.
  2791 | D:3      | Found a snail-covered altar of Cheibriados.
  2937 | D:4      | Reached XP level 5. HP: 12/33 MP: 2/9
  3136 | D:4      | Found a shimmering altar of Xom.
  3716 | D:4      | Found a hazy altar of Hepliaklqana.
  3722 | D:4      | Reached XP level 6. HP: 37/39 MP: 7/11
  3728 | D:4      | Learned a level 4 spell: Fulminant Prism
  3902 | D:5      | Entered Level 5 of the Dungeon
  4143 | D:5      | Found a staircase to the Ecumenical Temple.
  4168 | Temple   | Entered the Ecumenical Temple
  4347 | Temple   | Became a worshipper of Kikubaaqudgha
  4494 | D:5      | Reached skill level 1 in Hexes
  4601 | D:5      | Noticed Duvessa
  4861 | D:5      | Reached skill level 1 in Conjurations
  4861 | D:5      | Reached XP level 7. HP: 13/45 MP: 1/12
  5104 | D:5      | Noticed Dowan
  5276 | D:5      | Killed Duvessa
  5915 | D:5      | Found a hide-covered altar of Uskayaw.
  6234 | D:5      | Killed from afar by Dowan

Levels and vault maps discovered:
D:1:      roderic_crop_circles_arrival_small, layout_rooms
D:2:      layout_basic, grunt_gozag_breadcrumbs
D:3:      layout_rooms, nicolae_overflow_crystal_walls,
          nicolae_ru_sacrificial_ziggurat, okawaru_trees_1, uniq_sigmund
D:4:      layout_cave_pools, lemuel_doored_altar, old_standard_altar,
          first_ration
D:5:      layout_basic, eat_drink_and_be_merry_uskayaw,
          minmay_temple_entry_butterflies, uniq_duvessa
D:6:      layout_basic, portal_sewer_entry_b, serial_shops, shop,
          uniq_blork_the_orc
Temple:   grunt_temple_mini_profane

Skill      XL: |  1  2  3  4  5  6  7 |
---------------+----------------------+-----
Fighting       | 1 2 |  2.5
Charms         | 1 2 3 |  3.2
Spellcasting   | 3 4 |  4.2
Dodging        | 3 |  3.3
Hexes          | 1 2 |  2.0
Conjurations   | 1 |  1.2
Stealth        | |  2.6
Necromancy     | |  4.8

Action                   |  1- 3 |  4- 6 |  7- 9 || total
-------------------------+-------+-------+-------++-------
Melee: Unarmed           |    80 |    20 |     2 ||   102
       Constrict         |    16 |     3 |     2 ||    21
       Tentacles         |    15 |     3 |       ||    18
 Cast: Pain              |    58 |   116 |    38 ||   212
       Vampiric Draining |       |     2 |     1 ||     3
       Regeneration      |       |     1 |     1 ||     2
  Eat: Chunk             |     1 |    11 |     1 ||    13
       Ration            |       |       |     1 ||     1
Armor: Skin              |     1 |     5 |       ||     6
Dodge: Dodged            |    13 |    28 |    12 ||    53

Table legend:
 A = Non-vault XP
 B = Vault XP
 C = Vault XP percentage of total XP
 D = Non-vault monster count
 E = Vault monster count
 F = Vault count percentage of total count
                 A         B        C        D         E       F
            +---------+---------+-------+---------+---------+-------
      Total |     771 |     149 |  16.2 |      84 |       1 |   1.2
            +---------+---------+-------+---------+---------+-------
        D:1 |      42 |       0 |   0.0 |      23 |       0 |   0.0
        D:2 |      58 |       0 |   0.0 |      19 |       0 |   0.0
        D:3 |      58 |       0 |   0.0 |      18 |       0 |   0.0
        D:4 |     162 |       0 |   0.0 |       8 |       0 |   0.0
        D:5 |     438 |     149 |  25.4 |      15 |       1 |   6.2
        D:6 |      13 |       0 |   0.0 |       1 |       0 |   0.0
            +---------+---------+-------+---------+---------+-------
